Map: Temple du passé

Players

Tyranoc

  • Race: Terran Terran

BalB

  • Race: Zerg Zerg

VOD

Have the link to the VOD?

Description

Time

  • Played on: Sept. 22, 2018, 1:54 a.m.
  • Length: 26:33
Show
View Real Time Build Order
Export as new Build Order

Tyranoc Terran 

Build Orders:  

Get SALT Encoding   

  12  0:05  Starport Tech Lab  
  12  0:07  SCV  
  14  0:24  SCV  
  14  0:28  Supply Depot  
  15  0:41  SCV  
  15  0:45  Refinery  
  16  1:03  SCV  
  16  1:12  Assault Galleon  
  17  1:32  SCV  
  17  1:38  Refinery  
  17  1:49  SCV  
  18  2:00  Assault Galleon  
  18  2:06  SCV  
  19  2:28  Reaper  
  19  2:29  SCV  
  21  2:38  Engineering Bay  
  21  2:46  SCV  
  23  3:02  SCV  
  23  3:19  SCV  
  24  3:36  SCV  
  24  3:37  Command Center  
  26  3:53  SCV  
  27  4:10  SCV  
  27  4:20  Assault Galleon  
  27  4:27  SCV  
  27  4:29  LE9 Cluster Charges  
  29  4:41  Armory  
  29  4:44  SCV  
  30  5:01  SCV  
  30  5:13  Reaper  
  30  5:17  Reaper  
  30  5:19  Supply Depot  
  32  5:23  Reaper  
  32  5:27  Reaper  
  33  5:45  Reaper x3  
  36  5:55  SCV, Reaper  
  36  5:56  SCV  
  41  6:12  SCV, Refinery  
  41  6:13  SCV  
  41  6:29  SCV  
  43  6:30  SCV  
  43  6:36  Reaper x3  
  46  6:41  Jetpack Overdrive  
  46  6:45  SCV  
  46  6:46  Reaper x2  
  46  6:47  SCV  
  50  6:52  Armory  
  50  6:59  Horner Weapons Level 1  
  51  7:02  SCV  
  50  7:26  Fusion Core  
  51  7:33  SCV  
  51  7:34  SCV  
  50  7:42  Reaper  
  50  7:43  Reaper  
  55  7:50  SCV  
  55  7:51  SCV  
  55  7:52  Reaper  
  55  7:53  Reaper  
  57  8:02  Reaper  
  57  8:03  Reaper  
  57  8:07  SCV x2  
  60  8:13  Reaper  
  62  8:24  SCV  
  62  8:26  Assault Galleon  
  62  8:27  Assault Galleon  
  62  8:43  Refinery  
  62  8:51  Supply Depot  
  62  9:21  Reaper  
  62  9:26  SCV x2  
  71  9:39  Drone Hangar x2  
  76  9:43  SCV x2  
  76  9:49  Drone Hangar  
  76  9:50  Horner Armor Level 1  
  76  9:59  Horner Weapons Level 2  
  76  10:00  SCV  
  76  10:14  Supply Depot  
  76  10:17  SCV  
  77  10:21  Supply Depot  
  77  10:25  Supply Depot  
  83  10:30  Supply Depot  
  83  10:39  Drone Hangar x2  
  83  10:44  Reaper x3  
  83  10:47  Multi-Threaded Sensors  
  83  10:49  SCV  
  87  10:54  Reaper x3  
  90  11:04  Reaper x3  
  93  11:14  Reaper x3  
  95  11:21  Reaper x2  
  95  11:24  Reaper x3  
  95  11:27  Asteria Wraith  
  104  11:31  Reaper x2  
  104  11:39  Reaper x3  
  106  11:41  Reaper x2  
  106  11:48  Reaper  
  106  11:49  Reaper x2  
  111  11:50  Unregistered Cloak System  
  111  11:51  Reaper x2  
  111  11:58  Reaper  
  111  11:59  Reaper x2  
  113  12:18  Theia Raven  
  115  12:29  Supply Depot  
  115  12:52  Horner Armor Level 2  
  115  12:53  Trigger Override  
  115  13:02  Supply Depot  
  115  13:17  Reaper x3  
  115  13:18  Reaper x2  
  120  13:27  Reaper x4  
  120  13:28  Reaper  
  125  13:37  Reaper x4  
  125  13:38  Reaper  
  131  13:42  SCV  
  131  13:47  Reaper x3, SCV  
  131  13:48  Supply Depot  
  135  13:56  Asteria Wraith  
  135  13:59  SCV  
  144  14:19  Supply Depot  
  143  14:20  Horner Weapons Level 3  
  143  14:31  Reaper  
  143  14:32  Reaper x4  
  148  14:41  Reaper  
  148  14:42  Reaper  
  148  14:46  Missile Turret  
  148  14:49  Missile Turret  
  150  14:53  Missile Turret  
  150  15:02  Theia Raven  
  150  15:05  Asteria Wraith  
  149  15:57  Tactical Jump  
  149  16:01  Reaper x5  
  154  16:10  Reaper  
  154  16:11  Reaper x2  
  154  16:13  Reaper  
  154  16:14  Reaper  
  159  16:20  Reaper  
  159  16:21  Reaper x2  
  159  16:23  Reaper  
  159  16:24  Reaper  
  161  16:30  Reaper  
  161  16:31  Reaper x2  
  161  16:33  Reaper  
  161  16:34  Reaper  
  164  16:44  Horner Armor Level 3  
  164  17:28  Overcharged Reactor  
  164  17:48  Missile Turret  
  164  17:57  Missile Turret  
  164  17:58  Missile Turret  
  164  18:06  Missile Turret  
  164  18:07  Sovereign Battlecruiser  
  174  18:13  Reaper x5  
  179  18:23  Reaper  
  180  18:34  Missile Turret  
  166  19:22  Missile Turret  
  166  19:25  Missile Turret  
  166  19:28  Missile Turret  
  166  19:59  Missile Turret  
  166  20:05  Missile Turret  
  166  20:08  Missile Turret  
  166  20:10  Missile Turret  
  166  20:26  Missile Turret  
  166  20:34  Missile Turret  
  166  20:54  Asteria Wraith  
  166  20:57  Theia Raven  
  156  21:20  Reaper x2  
  156  21:21  Reaper x2  
  156  21:22  Reaper  
  156  21:30  Reaper x3  
  156  21:31  Reaper  
  156  21:32  Reaper  
  156  21:33  Sovereign Battlecruiser  
  168  22:27  Reaper x5  
  173  22:36  Reaper  
  173  22:37  Reaper x4  
  178  22:46  Reaper  
  178  22:47  Reaper x4  
  183  22:56  Reaper  
  183  22:57  Reaper x4  
  188  23:06  Reaper  
  188  23:07  Reaper x4  
  193  23:27  Reaper x3  
  193  23:28  Reaper x2  
  198  23:37  Reaper x2  
  194  25:56  Reaper  
  194  25:57  Reaper x4  
  199  26:06  Reaper  
Show
View Real Time Build Order
Export as new Build Order

BalB Zerg 

Build Orders:  

Get SALT Encoding   

  12  0:07  Infested SCV  
  13  0:21  Overlord  
  13  0:34  Infested SCV x2  
  15  0:48  Infested SCV  
  16  0:57  Infested Barracks  
  16  1:00  Infested SCV  
  16  1:07  Infested SCV  
  18  1:21  Infested SCV  
  19  1:30  Infested Barracks  
  19  1:37  Infested SCV  
  20  1:54  Overlord  
  20  2:20  Infested Barracks  
  20  2:25  Infested Refinery  
  20  2:30  Infested Refinery  
  20  2:36  Infested SCV  
  20  2:37  Infested SCV  
  22  2:49  Infested SCV  
  23  3:10  Infested SCV  
  24  3:24  Infested Barracks, Infested SCV  
  24  3:27  Infested Barracks Tech Lab x3  
  25  3:46  Infested Engineering Bay, Infested SCV  
  25  3:47  Infested SCV  
  27  3:52  Infested Engineering Bay  
  27  3:57  Retinal Augmentation  
  27  4:02  Infested SCV  
  27  4:06  Infested Marine x3  
  31  4:17  Overlord  
  31  4:26  Infested Barracks Tech Lab  
  31  4:39  Overlord  
  31  4:47  Infested Marine x3  
  31  4:48  Infested Marine x2  
  36  4:56  Stukov Infantry Weapons Level 1, Stukov Infantry Armor Level 1  
  36  5:41  Infested Command Center  
  33  5:51  Infested SCV x3  
  33  5:52  Infested SCV  
  37  6:02  Plagued Munitions  
  37  6:07  Infested SCV  
  38  6:26  Infested SCV x2  
  35  6:44  Infestation Level 1  
  35  6:47  Infested SCV  
  36  7:03  Infested SCV  
  37  7:11  Infested Marine x3  
  37  7:12  Infested Marine x4, Unknown  
  44  7:20  Infested SCV  
  44  7:28  Infested Marine  
  44  7:29  Infested Marine x6  
  52  7:38  Infested Marine x5  
  57  7:48  Infested SCV x2  
  57  7:49  Infested SCV  
  60  8:03  Infested Marine x2  
  60  8:06  Overlord  
  55  8:21  Infested SCV  
  55  8:22  Infested SCV x2, Infested Factory  
  55  8:28  Infested Marine  
  55  8:29  Infested Marine  
  59  8:32  Overlord  
  59  8:38  Regenerative Plating  
  59  8:42  Infested SCV x2  
  59  8:44  Anaerobic Enhancement  
  59  8:49  Infested Refinery  
  55  8:51  Infested Refinery  
  55  8:53  Infested SCV x2  
  57  9:17  Infested SCV x3  
  55  9:29  Infested Marine x4  
  58  9:30  Infested Marine  
  58  9:34  Stukov Infantry Weapons Level 2  
  58  9:38  Stukov Infantry Armor Level 2  
  51  9:52  Infested Marine x4  
  51  9:53  Infested Marine x6  
  51  9:54  Infested Marine x5  
  66  10:05  Infested SCV x2  
  68  10:33  Infested Starport  
  68  10:37  Infestation Level 2  
  67  10:40  Infested Armory  
  67  10:53  Infested Marine x5  
  67  10:54  Infested Marine x6  
  78  11:25  Overlord x5  
  63  11:36  Infested Marine x3  
  63  11:37  Infested Marine x6  
  72  11:55  Infested Bunker, Overlord  
  72  11:56  Overlord x2  
  72  11:59  Aggressive Incubation  
  80  12:03  Infested Bunker  
  80  12:22  Infested Barracks x2  
  70  12:37  Broodling Gestation  
  69  12:45  Infested Marine x6  
  69  12:46  Infested Marine x6  
  69  12:47  Infested Marine x6  
  69  12:48  Infested Marine x3, Calcified Armor  
  90  12:59  Stukov Infantry Weapons Level 3  
  81  13:24  Infested Marine x3  
  81  13:25  Infested Marine x6  
  81  13:26  Infested Marine x4  
  87  13:31  Infested Barracks Tech Lab  
  87  13:32  Infested Barracks Tech Lab  
  87  13:34  Infested Marine  
  87  13:35  Infested Marine x6  
  87  13:38  Overlord x3  
  94  13:48  Stukov Infantry Armor Level 3  
  93  13:55  Overseer  
  93  13:56  Overseer x2  
  89  14:00  Infested Marine  
  89  14:01  Infested Marine x6  
  89  14:02  Infested Marine x4  
  89  14:07  Infestation Level 3  
  89  14:08  Overlord x2  
  100  14:20  Infested Marine  
  100  14:21  Infested Marine x6  
  100  14:22  Infested Marine x6  
  100  14:23  Infested Marine x2  
  107  14:36  Infested Marine x3  
  107  14:37  Infested Marine x6  
  107  14:38  Infested Marine x5  
  107  14:39  Infested Marine  
  122  14:51  Infested Marine x3  
  122  14:52  Infested Marine x5  
  127  15:07  Infested Marine x4  
  127  15:09  Overlord  
  118  15:10  Overlord x3  
  118  15:18  Infested Marine  
  118  15:19  Infested Marine x4  
  117  15:23  Overlord  
  108  15:47  Infested Marine x3  
  108  15:48  Infested Marine x6  
  108  15:49  Infested Marine x7  
  124  15:50  Infested Marine x4  
  113  16:03  Infested Marine  
  113  16:04  Infested Marine x6  
  113  16:05  Infested Marine x6  
  111  16:21  Infested Marine x5  
  111  16:22  Infested Marine x7  
  111  16:23  Infested Marine x5  
  111  16:24  Infested Marine x5  
  111  16:25  Infested Marine x6  
  111  16:26  Infested Marine x2  
  133  16:47  Infested Marine x3  
  133  16:48  Infested Marine x6  
  133  16:49  Infested Marine x5  
  143  16:50  Infested Marine x6  
  143  16:51  Infested Marine x3  
  143  16:52  Infested Marine  
  143  17:22  Infested Marine x4  
  143  17:23  Infested Marine x6  
  143  17:24  Infested Marine x3  
  141  17:32  Infested Marine x2  
  141  17:33  Infested Marine x6  
  141  17:34  Infested Marine x7  
  141  17:35  Infested Marine x2  
  145  17:52  Infested Marine x6  
  145  17:53  Infested Marine x6  
  145  17:54  Infested Marine x6  
  145  17:55  Infested Marine x6  
  145  17:56  Infested Marine x6  
  121  18:38  Infested Marine x4  
  121  18:39  Infested Marine x6  
  131  18:40  Infested Marine x6  
  131  18:41  Infested Marine x6  
  131  18:42  Infested Marine x5  
  131  18:43  Infested Marine x5  
  140  19:02  Infested Marine  
  140  19:03  Infested Marine x6  
  140  19:04  Infested Marine x5  
  135  19:24  Infested Liberator x4  
  135  19:25  Infested Liberator  
  132  19:34  Infested Marine  
  132  19:35  Infested Marine x6  
  132  19:36  Infested Marine x6  
  132  19:37  Infested Marine x5  
  132  19:38  Infested Marine x4  
  110  20:20  Infested Marine x4  
  110  20:21  Infested Marine x6  
  110  20:22  Infested Marine x6  
  110  20:23  Infested Marine x5  
  119  20:49  Infested Marine x2  
  121  20:50  Infested Marine x7  
  121  20:51  Infested Marine x6  
  121  20:52  Infested Marine x5  
  121  20:53  Infested Marine x6  
  121  20:54  Infested Marine x6  
  121  20:55  Infested Marine x6  
  121  20:56  Infested Marine x5  
  121  20:57  Infested Marine x6  
  121  20:58  Infested Marine x5  
  121  20:59  Infested Marine x2  
  175  21:00  Infested Marine  
  175  21:01  Infested Marine x2  
  155  21:23  Infested Marine x6  
  155  21:24  Infested Marine x6  
  155  21:25  Infested Marine  
  148  22:22  Infested Marine  
  148  22:23  Infested Marine x6  
  148  22:24  Infested Marine x6  
  148  22:25  Infested Marine x3  
  148  22:27  Infested Marine x5  
  148  22:28  Infested Marine x6  
  148  22:29  Infested Marine x5  
  149  22:30  Infested Marine x6  
  149  22:31  Infested Marine x6  
  149  22:32  Infested Marine x6  
  149  22:33  Infested Marine x6  
  149  22:34  Infested Marine x5  
  149  22:35  Infested Marine x5  
  149  22:36  Infested Marine x6  
  149  22:37  Infested Marine x5  
  149  22:38  Infested Marine x3  
  149  22:39  Infested Marine x2  
  174  23:41  Infested Bunker x2  
  174  23:43  Infested Marine x2  
  174  23:44  Infested Marine x6  
  174  23:45  Infested Marine x4  
  173  24:01  Infested Marine x5  
  173  24:02  Infested Marine x6  
  173  24:03  Infested Marine x5  
  173  24:04  Infested Marine  
  121  24:29  Infested Marine x4  
  125  24:30  Infested Marine x7  
  125  24:31  Infested Marine x5, Infested Bunker  
  125  24:32  Infested Marine x4  
  125  24:33  Infested Marine x6  
  125  24:34  Infested Bunker, Infested Marine x2  
  149  24:43  Infested Barracks Tech Lab  
  149  24:47  Infested Marine  
  149  24:48  Infested Marine x6  
  156  24:54  Infested Marine x2  
  156  24:55  Infested Marine x6  
  156  24:56  Infested Marine x4  
  168  25:15  Infested Marine  
  168  25:16  Infested Marine x6  
  168  25:17  Infested Marine x6  
  168  25:18  Infested Marine x6  
  168  25:19  Infested Marine x4  
  183  25:20  Infested Marine  
  183  25:21  Infested Marine  
  180  25:31  Infested Marine x4  
  180  25:32  Infested Marine x6  
  180  25:33  Infested Marine x2  
  176  25:49  Infested Marine x6  
  182  25:50  Infested Marine x6  
  182  25:51  Infested Marine x6  
  182  25:59  Infested Marine x5  
  199  26:00  Infested Marine  
  172  26:10  Unknown x2  
  172  26:13  Infested Marine  
  172  26:14  Infested Marine x6  
  172  26:15  Infested Marine x6  
  172  26:16  Infested Marine x6  
  172  26:17  Infested Marine  
Tags
 
Add a new tag
Caveats
  • Supply blocks, unpowered buildings, or Contaminate may cause inaccurate times.
  • Supply counts are checked every 10 seconds.